 Dungeon Crawl Stone Soup version 0.27-a0-965-gbf8bb431c4 (webtiles) character file.

Game seed: 6628198120638706170

19929 MeatMancer the Severer (level 12, -6/110 HPs)
             Began as a Hill Orc Monk on Apr 12, 2021.
             Was a High Priest of Beogh.
             Mangled by a two-headed ogre
             ... wielding a +0 dire flail
              (10 damage)
             ... on level 2 of the Orcish Mines.
             The game lasted 00:57:30 (15647 turns).

MeatMancer the Severer (Hill Orc Monk)             Turns: 15647, Time: 00:57:31

Health: -6/110     AC: 20    Str: 19    XL:     12   Next: 74%
Magic:  0/12       EV: 11    Int: 13    God:    Beogh [*****.]
Gold:   326        SH:  0    Dex: 13    Spells: 11/11 levels left

rFire    . . .     SeeInvis +   L - +6 war axe of Day {elec, +Rage rC+ Will- SInv}
rCold    + . .     Faith    .   (no shield)
rNeg     . . .     Spirit   +   c - +0 chain mail
rPois    +         Reflect  .   e - +2 helmet {Int+3}
rElec    .         Harm     .   F - +1 cloak
rCorr    .         Rampage  .   (no gloves)
Will     .....                  n - +1 pair of boots
Stlth    ..........             f - amulet of guardian spirit
HPRegen  0.28/turn              o - ring of poison resistance
MPRegen  0.13/turn              v - +4 ring of slaying

@: silenced, hasted, studying Necromancy, very quick
A: walk on water
a: Renounce Religion, Evoke Berserk Rage


You were on level 2 of the Orcish Mines.
You worshipped Beogh.
Beogh was extremely pleased with you.
You visited 2 branches of the dungeon, and saw 13 of its levels.

You collected 1002 gold pieces.
You spent 676 gold pieces at shops.

Inventory:

Hand Weapons
 a - a +0 hand axe
 g - a +1 vorpal battleaxe
 j - a +0 club
 L - the +6 war axe of Day (weapon) {elec, +Rage rC+ Will- SInv}
   (You found it on level 8 of the Dungeon)

   Occasionally, upon striking a foe, it can discharge electrical energy and
   cause terrible harm.
   It protects you from cold.
   It lets you see invisible.
   It lets you go berserk.
   It decreases your willpower.
 W - a +0 battleaxe
Missiles
 k - 4 atropa-tipped darts (quivered)
 q - 291 stones
 r - 2 poisoned darts
 C - 2 curare-tipped darts
 D - 7 javelins
Armour
 c - a +0 chain mail (worn)
 e - a +2 helmet of intelligence (worn)
 m - a +0 plate armour
 n - a +1 pair of boots (worn)
 z - the +1 ring mail "Mycinnig" {Fly}
   (You found it on level 6 of the Dungeon)

   It grants you flight.
 F - a +1 cloak (worn)
 K - the +0 plate armour "Xuotukud" {Drain +Blink rPois rC++}
   (You found it on level 8 of the Dungeon)

   It greatly protects you from cold.
   It protects you from poison.
   It lets you blink.
   It drains your maximum health when unequipped.
 T - the -3 pair of gloves "Gullekk" {Str+2 Int+3}
   (You acquired it on level 9 of the Dungeon)

   It affects your strength (+2).
   It affects your intelligence (+3).
 X - a +0 plate armour
Jewellery
 f - an amulet of guardian spirit (around neck)
 o - a ring of poison resistance (left hand)
 s - a ring of resist corrosion
 u - a ring of see invisible
 v - a +4 ring of slaying (right hand)
 y - an amulet of magic regeneration
 G - a +6 ring of intelligence
 Q - a ring of protection from cold
Wands
 t - a wand of iceblast (18)
 M - a wand of paralysis (6)
 N - a wand of digging (7)
 R - a wand of acid (8)
 V - a wand of charming (1)
Scrolls
 b - a scroll of brand weapon {unknown}
 l - 3 scrolls of silence
 w - 2 scrolls of magic mapping
 x - a scroll of amnesia
 H - 2 scrolls of enchant armour
 I - a scroll of enchant weapon {unknown}
 S - a scroll of immolation {unknown}
 U - a scroll of identify
Potions
 d - 3 potions of curing
 h - 2 potions of haste
 i - a potion of flight
 p - a potion of might
 A - a potion of cancellation
 E - 2 potions of mutation {unknown}
 J - a potion of lignification {unknown}
 O - a potion of invisibility {unknown}
 P - a potion of magic {unknown}


   Skills:
 + Level 11.6 Fighting
 * Level 16.4 Axes
 + Level 10.1 Armour
 + Level 8.3 Dodging
 - Level 1.6 Stealth


You had 11 spell levels left.
You didn't know any spells.
Your spell library contained the following spells:

 Spells                   Type           Power      Damage    Failure   Level
 Beastly Appendage        Tmut           0%         N/A       94%         1
 Magic Dart               Conj           0%         1d3       94%         1
 Blink                    Tloc           N/A        N/A       98%         2
 Call Imp                 Summ           0%         N/A       98%         2
 Poisonous Vapours        Pois/Air       0%         N/A       98%         2
 Slow                     Hex            0%         N/A       98%         2
 Wereblood                Tmut           0%         N/A       98%         2
 Conjure Flame            Conj/Fire      0%         6-21      100%        3
 Mephitic Cloud           Conj/Pois/Air  0%         N/A       100%        3
 Spider Form              Tmut/Pois      0%         N/A       100%        3
 Ice Form                 Ice/Tmut       0%         N/A       100%        4
 Hydra Form               Tmut           0%         N/A       100%        5
 Freezing Cloud           Conj/Ice/Air   0%         6-21      100%        6


Dungeon Overview and Level Annotations

Branches:
Dungeon (11/15)            Temple (0/1) D:6            Lair (0/6) D:11
    Orc (2/2) D:9             Elf (0/3) Orc:2

Altars:
Gozag
Kikubaaqudgha
Qazlal
Sif Muna
Xom
The Shining One

Shops:
D:9 ?   Orc:2 (


Message History

Your orc knight roars a battlecry!
Your orc priest goes into a battle-frenzy!
You feel yourself speed up.
Your orc knight barely misses something.
You completely miss the ogre. Beogh accepts your kill.
You feel a bit more experienced.
Your orc priest hits the ogre with a +0 dagger.
Something hits the ogre.
The ogre closely misses your orc priest.
The two-headed ogre barely misses your orc knight.
The two-headed ogre hits your orc knight with a +0 giant club.
You barely miss the ogre.
The ogre is moderately wounded.
Your orc knight hits something with a +0 glaive!
You slash the ogre!
The ogre is almost dead.
Beogh accepts your kill.
You feel a bit more experienced.
Something hits the ogre!
The ogre dies!
Beogh accepts your kill.
Something hits the troll!
The ogre barely misses your orc priest. The deep troll bites your orc warrior!
The deep troll claws your orc warrior!
Your orc warrior dies!
Your orc knight hits the deep troll from afar with a +0 glaive!!
The two-headed ogre barely misses your orc knight.
The two-headed ogre completely misses your orc knight.
The troll bites your orc knight. The troll claws your orc knight! x2
Your orc knight roars a battlecry!
Your orc knight goes into a battle-frenzy!
You see here a +0 giant spiked club.
Your orc knight hits the deep troll from afar with a +0 glaive!!!
The deep troll dies!
Beogh accepts your kill.
You see here a +0 giant club.
The orc stares at you in amazement and kneels.
An orc comes into view. It is wielding a +0 club.
The two-headed ogre misses you.
The two-headed ogre hits you with a +0 giant club!
You die...

##.....#................
#....###.#...#....#..#.
#.....##...............
##..................<..
###.............$..#..
###.))...$..........
##)#)........o....
##(o#)))....<.......
#..TO[o@............
...(.Co.O..........#.#
∩.....##...............
(.(... #.#....#.....$..
...... ...##...........
....#.##.. ##..........
... #.. ....#...... ..
o...


You could see a two-headed ogre, a cyclops, a troll (ally target), an ogre (ally
target), 2 friendly orc knights, a friendly orc priest (strong) and a friendly
orc.

Vanquished Creatures
  A boulder beetle (D:11)
  2 ogre magi (Orc:2)
  4 two-headed ogres
  An orc knight (Orc:1)
  A cyclops (Orc:2)
  An orc sorcerer (Orc:1)
  4 trolls
  14 yaks
  A water elemental (D:11)
  3 shadows
  A basilisk (D:11)
  2 wraiths
  A steam dragon (D:6)
  A warg (Orc:1)
  An acid dragon (D:11)
  A water moccasin (D:8)
  An ice beast (D:5)
  3 orc warriors (Orc:1)
  A sky beast (D:6)
  A necrophage (D:4)
  14 ogres
  11 centaurs
  3 phantoms
  3 kobold brigands
  A gnoll sergeant (D:10)
  A wyvern skeleton (D:6)
  A scorpion (D:5)
  2 water moccasin skeletons
  A troll zombie (D:9)
  8 killer bees
  4 wights
  2 electric eels (D:10)
  2 lava snakes (D:9)
  A wyvern simulacrum (D:9)
  4 centaur zombies
  3 orc priests
  A gnoll shaman (D:9)
  2 centaur skeletons (D:9)
  A hound (D:6)
  4 jellies
  7 iguanas
  Terence (D:3)
  5 orc wizards
  A killer bee zombie (D:6)
  4 ogre zombies (D:9)
  2 howler monkey zombies
  11 gnolls
  7 adders
  A shadow imp (D:7)
  2 white imps
  A worm (D:2)
  2 dart slugs
  19 orcs
  5 ball pythons
  A bat (D:3)
  5 endoplasms
  4 giant cockroaches
  5 goblins
  5 hobgoblins
  11 jackals
  14 kobolds
  3 quokkas
  2 frilled lizards (D:1)
  2 goblin skeletons (D:9)
  4 goblin zombies (D:9)
  A hobgoblin skeleton (D:9)
  A hobgoblin zombie (D:9)
  4 orc skeletons (D:9)
  6 orc zombies (D:9)
  10 rats
260 creatures vanquished.

Vanquished Creatures (collateral kills)
  A boulder beetle (D:11)
  4 two-headed ogres (Orc:2)
  2 deep trolls (Orc:2)
  An orc knight (Orc:1)
  An elephant (D:11)
  A komodo dragon (D:8)
  4 trolls (Orc:2)
  3 water elementals (D:11)
  3 yaks
  A warg (Orc:1)
  2 orc warriors (Orc:1)
  A black bear (D:11)
  6 ogres
  2 centaurs (D:11)
  A bullfrog (D:7)
  A troll zombie (D:9)
  2 orc priests (Orc:1)
  2 orc wizards
  A gnoll (D:10)
  A shadow imp (D:7)
  7 orcs
  A goblin zombie (D:9)
48 creatures vanquished.

Vanquished Creatures (others)
  An orc sorcerer (Orc:2)
  3 orc knights (Orc:2)
  3 orc warriors
  4 orc wizards
  2 orc priests (Orc:2)
  A centaur zombie (D:9)
  11 orcs
  2 fungi (D:11)
  A plant (D:11)
28 creatures vanquished.

Grand Total: 336 creatures vanquished

Notes
Turn   | Place    | Note
-------+----------+-------------------------------------------
     0 | D:1      | MeatMancer the Hill Orc Monk began the quest for the Orb.
     0 | D:1      | Reached XP level 1. HP: 19/19 MP: 1/1
   429 | D:1      | Reached XP level 2. HP: 26/27 MP: 2/2
   691 | D:1      | Reached skill level 1 in Armour
  1049 | D:2      | Reached XP level 3. HP: 33/33 MP: 3/3
  2166 | D:3      | Found a stormy altar of Qazlal.
  2208 | D:3      | Reached XP level 4. HP: 40/40 MP: 4/4
  2239 | D:3      | Noticed Terence
  2286 | D:3      | Killed Terence
  2287 | D:3      | Reached skill level 5 in Axes
  3273 | D:4      | Reached XP level 5. HP: 47/47 MP: 5/5
  3862 | D:3      | Identified a scroll of acquirement
  3862 | D:3      | Acquired a +1 vorpal battleaxe
  4111 | D:5      | Entered Level 5 of the Dungeon
  4141 | D:5      | Reached skill level 6 in Axes
  4160 | D:5      | Became a worshipper of Beogh the Brigand
  4160 | D:5      | Reached * piety under Beogh
  4160 | D:5      | Reached ** piety under Beogh
  4168 | D:5      | Reached XP level 6. HP: 55/55 MP: 6/6
  4238 | D:5      | Noticed a necrophage
  4292 | D:5      | Reached skill level 5 in Fighting
  4300 | D:4      | Killed a necrophage
  4301 | D:4      | Reached skill level 7 in Axes
  4301 | D:4      | Reached XP level 7. HP: 46/61 MP: 7/7
  5455 | D:5      | Reached skill level 8 in Axes
  5554 | D:5      | Reached XP level 8. HP: 53/70 MP: 8/8
  6359 | D:6      | Reached skill level 9 in Axes
  6797 | D:6      | Reached skill level 5 in Armour
  6970 | D:6      | Reached skill level 10 in Axes
  6970 | D:6      | Reached XP level 9. HP: 69/79 MP: 7/9
  6992 | D:6      | Found a staircase to the Ecumenical Temple.
  7007 | D:6      | Identified the +1 ring mail "Mycinnig" {Fly}
  7109 | D:6      | Reached *** piety under Beogh
  7366 | D:7      | Identified the +8 mace of Domination {speed, rF+}
  7385 | D:6      | Reached skill level 5 in Dodging
  7961 | D:8      | Reached skill level 11 in Axes
  8098 | D:8      | Identified the +0 plate armour "Xuotukud" {Drain +Blink
                  | rPois rC++}
  8123 | D:8      | Identified the +6 war axe of Day {elec, +Rage rC+ Will-
                  | SInv}
  8189 | D:8      | Found a shimmering altar of Xom.
  8189 | D:8      | Found an ancient bone altar of Kikubaaqudgha.
  8190 | D:8      | Noticed a komodo dragon
  8213 | D:8      | Killed a komodo dragon
  8559 | D:9      | Reached XP level 10. HP: 78/89 MP: 10/10
  8567 | D:9      | Reached skill level 12 in Axes
  8885 | D:9      | Reached **** piety under Beogh
  9042 | D:9      | Found Kaulenyn's Magic Scroll Emporium.
  9258 | D:9      | Gained Marbaugh as an ally
  9263 | D:9      | Found a staircase to the Orcish Mines.
 10224 | D:9      | Reached skill level 13 in Axes
 10317 | D:10     | Entered Level 10 of the Dungeon
 10641 | D:10     | Found a large runed translucent door.
 10642 | D:10     | Found a large runed translucent door.
 11640 | D:10     | Found a glowing golden altar of the Shining One.
 12015 | D:10     | Found an opulent altar of Gozag.
 12031 | D:10     | Found a shimmering blue altar of Sif Muna.
 12397 | D:9      | Bought a scroll of acquirement for 676 gold pieces
 12397 | D:9      | Acquired the -3 pair of gloves "Gullekk" {Str+2 Int+3}
 12678 | D:11     | Noticed a boulder beetle
 12681 | D:11     | Reached XP level 11. HP: 97/97 MP: 11/11
 12692 | D:11     | Killed a boulder beetle
 12908 | D:11     | Reached skill level 14 in Axes
 13039 | D:11     | Found a staircase to the Lair.
 13053 | D:11     | Reached skill level 10 in Fighting
 13054 | D:11     | Gained Grimold as an ally
 13199 | D:11     | Reached ***** piety under Beogh
 13463 | D:11     | Noticed a boulder beetle
 13476 | D:11     | Killed a boulder beetle
 14267 | Orc:1    | Entered Level 1 of the Orcish Mines
 14267 | Orc:1    | Noticed a two-headed ogre
 14273 | Orc:1    | Killed a two-headed ogre
 14299 | Orc:1    | Noticed an orc sorcerer
 14306 | Orc:1    | Killed an orc sorcerer
 14307 | Orc:1    | Noticed an orc knight
 14308 | Orc:1    | Your ally Marbaugh died
 14312 | Orc:1    | Killed an orc knight
 14765 | Orc:1    | Reached skill level 15 in Axes
 14921 | Orc:1    | Noticed an orc knight
 14928 | Orc:1    | Killed an orc knight
 15505 | Orc:2    | Entered Level 2 of the Orcish Mines
 15518 | Orc:2    | Found a staircase to the Elven Halls.
 15572 | Orc:2    | Found Vejoed's Weapon Shop.
 15572 | Orc:2    | Noticed a cyclops
 15574 | Orc:2    | Noticed a two-headed ogre
 15577 | Orc:2    | Noticed a two-headed ogre
 15580 | Orc:2    | Noticed a two-headed ogre
 15582 | Orc:2    | Reached XP level 12. HP: 107/108 MP: 12/12
 15583 | Orc:2    | Noticed an ogre mage
 15585 | Orc:2    | Noticed a two-headed ogre
 15591 | Orc:2    | Killed a two-headed ogre
 15597 | Orc:2    | Killed an ogre mage
 15597 | Orc:2    | Killed a two-headed ogre
 15605 | Orc:2    | Killed a two-headed ogre
 15606 | Orc:2    | Noticed a two-headed ogre
 15609 | Orc:2    | Your ally Grimold died
 15609 | Orc:2    | Noticed a two-headed ogre
 15615 | Orc:2    | Noticed a two-headed ogre
 15616 | Orc:2    | Noticed an ogre mage
 15621 | Orc:2    | Killed a two-headed ogre
 15622 | Orc:2    | Reached skill level 16 in Axes
 15626 | Orc:2    | Killed a two-headed ogre
 15627 | Orc:2    | Noticed a two-headed ogre
 15627 | Orc:2    | Killed a two-headed ogre
 15627 | Orc:2    | Gained Jorge as an ally
 15628 | Orc:2    | Reached skill level 10 in Armour
 15632 | Orc:2    | HP: 1/110 [ogre mage/bolt of magma (8)]
 15632 | Orc:2    | Your ally Jorge died
 15640 | Orc:2    | Killed an ogre mage
 15642 | Orc:2    | Killed a two-headed ogre
 15647 | Orc:2    | Mangled by a two-headed ogre

Illustrated notes

Levels and vault maps discovered:
D:1:      minmay_arrival_four_houses, layout_basic, item_on_display_a
D:2:      layout_loops_ring, minivault_24
D:3:      layout_basic, marbit_many_paths, item_on_display_a, uniq_terence
D:4:      layout_basic
D:5:      layout_basic, minmay_manual_mess
D:6:      layout_loops_ring, minmay_temple_entry_slanted,
          kennysheep_generic_room_5
D:7:      layout_gridville
D:8:      layout_rooms, jmf_multi_god_temple
D:9:      layout_loops_ring, zombieorc1_lemuel, serial_shops, shop,
          hangedman_weighted_door, kennysheep_crisscross
D:10:     layout_basic, lemuel_coloured_pillars_altar, jmf_multi_god_temple2,
          chequers_serial_rivers_small_3
D:11:     layout_big_octagon, david_lair_generic, nicolae_underground_beach
Orc:1:    layout_diamond_mine, roderic_batcave
Orc:2:    st_orc_open, layout_caves

Skill      XL: |  1  2  3  4  5  6  7  8  9 10 11 12 |
---------------+-------------------------------------+-----
Fighting       | 4 5 6 7 8 9 10 11 | 11.6
Armour         | 1 2 3 4 5 6 7 9 10 | 10.1
Axes           | 5 6 7 8 10 11 13 15 16 | 16.4
Dodging        | 3 4 5 6 7 8 |  8.3
Stealth        | |  1.6

Action                   |  1- 3 |  4- 6 |  7- 9 | 10-12 || total
-------------------------+-------+-------+-------+-------++-------
Melee: Hand axe          |   158 |    89 |       |       ||   247
       Battleaxe         |       |    21 |   193 |       ||   214
       War axe           |       |       |    22 |   250 ||   272
Throw: Stone             |    13 |    20 |    32 |       ||    65
       Javelin           |       |       |     3 |     9 ||    12
       Dart              |       |       |       |     4 ||     4
Invok: Convert to Beogh  |       |     1 |       |       ||     1
  Use: Scroll            |       |     9 |    10 |     4 ||    23
       Potion            |       |       |       |     5 ||     5
 Stab: Distracted        |       |       |       |     3 ||     3
       Confused          |       |       |       |     1 ||     1
Armor: Chain mail        |    72 |    73 |   145 |   143 ||   433
       Robe              |     3 |       |       |       ||     3
Dodge: Dodged            |    56 |    37 |   101 |    96 ||   290

Table legend: (Time is in decaauts)
 A = Elapsed time spent in this place.
 B = Non-inter-level travel time spent in this place.
 C = Inter-level travel time spent in this place.
 D = Time resting spent in this place.
 E = Time spent auto-exploring this place.
 F = Levels seen in this place.
 G = Mean time per level.
                   A        B        C        D        E       F      G
               +--------+--------+--------+--------+--------+-----+--------+
         Total |  15704 |  15220 |    484 |   5785 |   3002 |  13 | 1208.0 |
       Dungeon |  14347 |  13870 |    477 |   5054 |   2795 |  11 | 1304.3 |
  Orcish Mines |   1357 |   1350 |      7 |    731 |    207 |   2 |  678.5 |
               +--------+--------+--------+--------+--------+-----+--------+

Top non-repeatable levels by time:
     D:9: 2355 daAuts
    D:10: 2056 daAuts
     D:5: 1804 daAuts
     D:4: 1590 daAuts
    D:11: 1317 daAuts
   Orc:1: 1230 daAuts
     D:3: 1142 daAuts
     D:1: 1047 daAuts
     D:6: 989 daAuts
     D:2: 924 daAuts
     D:8: 590 daAuts
     D:7: 526 daAuts
   Orc:2: 126 daAuts
